 Dungeon Crawl Stone Soup version 0.20.1-1-g8b1a95d (webtiles) character file.

434 homeworkjunkie the Chopper (level 7, -2/61 HPs)
             Began as a Hill Orc Fighter on Dec 30, 2017.
             Slain by an ogre
             ... wielding a +0 giant spiked club
              (24 damage)
             ... on level 4 of the Dungeon.
             The game lasted 00:05:57 (2884 turns).

homeworkjunkie the Chopper (Hill Orc Fighter)       Turns: 2884, Time: 00:05:57

Health: -2/61      AC: 10    Str: 25    XL:     7   Next: 0%
Magic:  2/2        EV:  6    Int:  8    God:
Gold:   143        SH: 10    Dex: 11    Spells: 6/6 levels left

rFire    + . .     SeeInvis .   e - +4 hand axe (antimagic)
rCold    + . .     Gourm    .   c - +0 shield
rNeg     . . .     Faith    .   g - +0 chain mail
rPois    .         Spirit   .   j - +0 helmet
rElec    .         Reflect  .   (no cloak)
rCorr    .         Harm     .   (no gloves)
MR       .....                  (no boots)
Stlth    ..........             a - amulet of rage
Regen    0.2/turn               h - ring of protection from cold
MPRegen  0.1/turn               n - ring of protection from fire

@: mighty, lethally poisoned (-2 -> -4)
A: no striking features
a: Evoke Berserk Rage


You were on level 4 of the Dungeon.
You were not hungry.

You visited 1 branch of the dungeon, and saw 5 of its levels.

You collected 143 gold pieces.

Inventory:

Hand Weapons
 e - a +4 antimagic hand axe (weapon)
Armour
 c - a +0 shield (worn)
 g - a +0 chain mail (worn)
 j - a +0 helmet (worn)
Jewellery
 a - an amulet of rage (around neck)
 b - an uncursed ring of resist corrosion
 h - a ring of protection from cold (left hand)
 n - a ring of protection from fire (right hand)
Wands
 l - a wand of lightning (3/15)
Scrolls
 k - a scroll of teleportation
Potions
 m - a potion of agility
Comestibles
 f - 4 bread rations
 i - 5 meat rations


   Skills:
 * Level 5.0 Fighting
 * Level 5.8 Axes
 * Level 4.7 Armour
 * Level 5.0 Shields
 * Level 1.0 Evocations


You had 6 spell levels left.
You didn't know any spells.

Dungeon Overview and Level Annotations

Branches:
Dungeon (5/15)
 Temple: D:4-7

Altars:
Fedhas
Kikubaaqudgha
Nemelex Xobeh
Qazlal
Xom

Annotations:
D:4 Ijyb


Message History

Ijyb hits you but does no damage.
The worker ant bites you but does no damage.
You block the ogre's attack. Ijyb barely misses you.
You hit the ogre.
The ogre is heavily wounded.
You closely miss the worker ant. You hit Ijyb.
You block the worker ant's attack. Ijyb hits you but does no damage.
The worker ant waves its antennae.
You block the worker ant's attack.
You completely miss the ogre.
The ogre is heavily wounded.
You hit Ijyb. You hit the worker ant.
You feel sick.
The ogre hits you with a giant spiked club!
The worker ant bites you. You block Ijyb's attack.
You are too injured to fight recklessly!
You are too injured to fight recklessly!
You are too injured to fight recklessly!
You feel very mighty all of a sudden.
The ogre hits you with a giant spiked club!!
You die...

#.#.#.#.......#...#
.#.#.#.#....###...#
#.#.#.#.....#<#...#
.#.#.#.#....#.#...#
#.#.#.#...,,#.#.#>########
.#.#.#.#.,,,#.#..........#
#.#.*,#.,,,,#.#....†.....#
.#.*,*,*,***#.#..........#
#.*,*,*,,***#.#.@........#
.*,*,*,*,,,,..#Oag.......#
*,*,*,*,****###..........#
,*,*,*,*,,,,,,..#.########
*,*,*,,,,,,,,..##.#
*,***,,,,,,,...*#.# *,*
*,,,,,,....**.# *,*
*,,,,,.....**.# *,*
*,,,,,,,,,,**,*


You could see an ogre, Ijyb and a worker ant.

Vanquished Creatures
  Eustachio (D:4)
  A big kobold (D:3)
  A hound (D:3)
  An orc priest (D:3)
  2 worker ants (D:4)
  3 adders (D:2)
  An adder skeleton (D:4)
  4 worms
  A leopard gecko (D:2)
  9 orcs (D:3)
  5 giant cockroaches
  7 goblins
  7 hobgoblins
  A quokka (D:4)
  3 ball pythons
  4 bats
  3 frilled lizards (D:3)
  8 kobolds
  7 rats
69 creatures vanquished.

Notes
Turn   | Place    | Note
-------+----------+-------------------------------------------
     0 | D:1      | homeworkjunkie the Hill Orc Fighter began the quest for the Orb.
     0 | D:1      | Reached XP level 1. HP: 19/19 MP: 1/1
   286 | D:2      | Reached XP level 2. HP: 27/27 MP: 0/2
   302 | D:2      | Reached XP level 3. HP: 31/33 MP: 1/3
   344 | D:2      | Found a sparkling altar of Nemelex Xobeh.
   360 | D:3      | Noticed a big kobold
   382 | D:3      | Killed a big kobold
   382 | D:3      | Reached XP level 4. HP: 28/40 MP: 1/4
   502 | D:3      | Reached XP level 5. HP: 41/47 MP: 1/5
   631 | D:5      | Entered Level 5 of the Dungeon
  1188 | D:3      | Reached XP level 6. HP: 13/53 MP: 2/6
  1193 | D:3      | Reached skill level 5 in Axes
  1584 | D:2      | Found an ancient bone altar of Kikubaaqudgha.
  1584 | D:2      | Found a blossoming altar of Fedhas.
  2268 | D:2      | Found a stormy altar of Qazlal.
  2734 | D:4      | Reached skill level 1 in Evocations
  2783 | D:4      | Noticed Eustachio
  2808 | D:4      | Killed Eustachio
  2808 | D:4      | Reached skill level 5 in Fighting
  2808 | D:4      | Reached skill level 5 in Shields
  2808 | D:4      | Reached XP level 7. HP: 59/61 MP: 2/7
  2847 | D:4      | Found a shimmering altar of Xom.
  2875 | D:4      | Noticed Ijyb
  2884 | D:4      | Slain by an ogre

Skill      XL: |  1  2  3  4  5  6 |
---------------+-------------------+-----
Axes           | 3 4 5 |  5.8
Fighting       | 4 5 |  5.0
Armour         | 4 |  4.7
Shields        | 4 5 |  5.0
Evocations     | 1 |  1.0

Action                   |  1- 3 |  4- 6 |  7- 9 || total
-------------------------+-------+-------+-------++-------
Melee: War axe           |    20 |       |       ||    20
       Hand axe          |    51 |   173 |     5 ||   229
Evoke: Wand              |       |     4 |       ||     4
  Use: Scroll            |     3 |     3 |     1 ||     7
       Potion            |       |     3 |     2 ||     5
  Eat: Royal jelly       |       |     3 |     1 ||     4
Armor: Chain mail        |    39 |    78 |     3 ||   120
Dodge: Dodged            |     6 |    24 |     1 ||    31
Block: Shield            |    36 |    72 |     8 ||   116
